 Dungeon Crawl Stone Soup version 0.29.1-13-g9f3cf754e1 (webtiles) character file.

Game seed: 13542455980760328021

4 growler the Conjurer (level 1, 0/13 HPs)
             Began as a Demonspawn Wanderer on Feb 8, 2023.
             Slain by a quokka (5 damage)
             ... on level 1 of the Dungeon.
             The game lasted 00:01:24 (150 turns).

growler the Conjurer (Demonspawn Wanderer)           Turns: 150, Time: 00:01:25

Health: 0/13       AC:  2    Str: 11    XL:     1   Next: 58%
Magic:  3/3        EV: 10    Int: 16    God:
Gold:   15         SH:  3    Dex: 10    Spells: 3/4 levels left

rFire   . . .      SeeInvis .   a - +0 club
rCold   . . .      Faith    .   d - +0 buckler
rNeg    . . .      Spirit   .   c - +0 robe
rPois   .          Reflect  .   (no helmet)
rElec   .          Harm     .   (no cloak)
rCorr   .          Rampage  .   (no gloves)
Will    .....                   (no boots)
Stlth   +.........              (no amulet)
HPRegen 0.04/turn               (no ring)
MPRegen 0.08/turn               (no ring)

@: no status effects
A: no striking features
a: no special abilities


You were on level 1 of the Dungeon.
You visited 1 branch of the dungeon, and saw 1 of its levels.

You collected 15 gold pieces.

Inventory:

Hand Weapons
 a - a +0 club (weapon)
Armour
 c - a +0 robe (worn)
 d - a +0 buckler (worn)
Potions
 b - a potion of heal wounds
 e - a potion of resistance {unknown}


   Skills:
 - Level 1.8 Shields
 + Level 2.1 Spellcasting
 + Level 5.1 Conjurations
 - Level 1.0 Hexes


You had 3 spell levels left.
You knew the following spells:

 Your Spells              Type           Power      Damage    Failure   Level
a - Foxfire               Conj/Fire      36%        2x1d5     10%         1

Your spell library contained the following spells:

 Spells                   Type           Power      Damage    Failure   Level
 Slow                     Hex            20%        N/A       19%         1
 Dazzling Flash           Conj/Hex       22%        N/A       22%         3
 Mephitic Cloud           Conj/Pois/Air  7%         N/A       38%         3
 Sticky Flame             Conj/Fire      9%         2d3       67%         4


Dungeon Overview and Level Annotations

Branches:
Dungeon (1/15)

Altars:


Message History

t - Shout!
Orders for allies: a - Attack new target. r - Retreat! s - Stop attacking. g - Guard the area. f - Follow me.
Anything else - Cancel.
You shout for attention!
There are no items here.
There are no items here.
There are no items here.
What are your orders? t - Shout!
Orders for allies: a - Attack new target. r - Retreat! s - Stop attacking. g - Guard the area. f - Follow me.
Anything else - Cancel.
You shout for attention!
The quokka bites you.
You hit the quokka.
The quokka is severely wounded.
The quokka closely misses you.
You completely miss the quokka.
The quokka is severely wounded.
The quokka bites you. The quokka closely misses you.
You completely miss the quokka.
The quokka is severely wounded.
The quokka bites you but does no damage.
The quokka misses you.
You hit the quokka.
The quokka is almost dead.
The quokka closely misses you.
You barely miss the quokka.
The quokka is almost dead.
The quokka bites you. The quokka misses you.
You closely miss the quokka.
The quokka is almost dead.
The quokka barely misses you.
You barely miss the quokka.
The quokka is almost dead.
The quokka bites you.
You die...

####### #.....
#.# #r#.. #.#
##+###.#.# #.#
#...##.#.# #.#
#...##...# #.#
#...####r# ..#
#.# #...# #@#
##..# ..## #.#
#...# #.#
.##...##...##
#.#####...####.#
............
#...†..........#
..........
#.....####.#####
#..# ..# ##....#
#.#
######..##..###
#....# #.#
##........<.....
#....# #.#
#...............
#.#'## #.#
#...##...##...##


You could see a quokka.

Vanquished Creatures
  A dart slug (D:1)
  A ball python (D:1)
  A bat (D:1)
  A rat (D:1)
4 creatures vanquished.

Vanquished Creatures (others)
  7 foxfires (D:1)
7 creatures vanquished.

Grand Total: 11 creatures vanquished

Notes
Turn   | Place    | Note
-------+----------+-------------------------------------------
     0 | D:1      | growler the Demonspawn Wanderer began the quest for the
                  | Orb.
     0 | D:1      | growler set off with the following items: a +0 club, a
                  | potion of heal wounds, a +0 robe, a +0 buckler; and the
                  | following spells available to memorise: Foxfire, Slow,
                  | Dazzling Flash, Mephitic Cloud, Sticky Flame.
     0 | D:1      | Reached XP level 1. HP: 13/13 MP: 3/3
    31 | D:1      | Learned a level 1 spell: Foxfire
   150 | D:1      | Slain by a quokka

Illustrated notes

Levels and vault maps discovered:
D:1:      minmay_arrival_four_loops, layout_basic

Action                   || total
-------------------------++-------
Melee: Club              ||     8
 Cast: Foxfire           ||     4
Armor: Robe              ||     1
Dodge: Dodged            ||     6
